 Dungeon Crawl Stone Soup version 0.31-a0-865-g3d5d91748a (webtiles) character file.

Game seed: 15718802018569646751

46 Maratek the Trooper (level 3, -1/31 HPs)
             Began as a Demigod Fighter on Oct 10, 2023.
             Succumbed to a kobold's poison
             ... on level 2 of the Dungeon.
             The game lasted 00:01:15 (894 turns).

Maratek the Trooper (Demigod Fighter)                Turns: 894, Time: 00:01:16

Health: -1/31      AC:  6    Str: 21    XL:     3   Next: 27%
Magic:  5/5        EV:  9    Int: 10    God:
Gold:   16         SH:  4    Dex: 13    Spells: 2/2 levels left

rFire   . . .        a - +0 long sword
rCold   . . .        c - +0 buckler
rNeg    . . .        b - +0 scale mail
rPois   .            (no helmet)
rElec   .            (no cloak)
rCorr   .            (no gloves)
SInv    .            (no boots)
Will    .....        (no amulet) Stlth
                     (no ring)
HPRegen 0.25/turn    (no ring)
MPRegen 0.09/turn

%: no passive effects
@: lethally poisoned (-1 -> -19)
A: high MP 1, forlorn, divine attributes
a: no special abilities


You were on level 2 of the Dungeon.
You visited 1 branch of the dungeon, and saw 2 of its levels.

You collected 16 gold pieces.

Inventory:

Hand Weapons
 a - a +0 long sword (weapon)
Armour
 b - a +0 scale mail (worn)
 c - a +0 buckler (worn)
Scrolls
 f - a scroll of identify {unknown}
 g - a scroll of poison {unknown}
Potions
 d - a potion of might
 e - a potion of brilliance {unknown}
 h - a potion of lignification {unknown}


   Skills:
 + Level 3.0 Fighting
 + Level 2.6 Long Blades
 + Level 3.0 Armour
 + Level 0.2 Dodging
 + Level 3.0 Shields


You had 2 spell levels left.
You didn't know any spells.
Your spell library contained the following spells:

 Spells                   Type           Power      Damage    Failure   Level
 Tukima's Dance           Hex            0%         N/A       98%         3
 Dimensional Bullseye     Hex/Tloc       0%         N/A       100%        4
 Iskenderun's Mystic Bla  Conj/Tloc      0%         2d3       100%        4


Dungeon Overview and Level Annotations

Branches:
Dungeon (2/15)


Innate Abilities, Weirdness & Mutations

You have an increased reservoir of magic. (+10% MP)
You shall have no god before yourself.
Your divine heritage dramatically boosts your attributes as you level up.


Message History

Unknown command.
You hit the dart slug.
The dart slug is moderately wounded.
You block the kobold's attack. The dart slug closely misses you.
The goblin shoots a sling bullet.
The sling bullet hits you but does no damage.
Unknown command.
You hit the dart slug but do no damage.
The dart slug is moderately wounded.
The kobold hits you but does no damage.
You are poisoned.
The goblin throws a stone.
The stone hits you but does no damage. The dart slug bites you.
Unknown command.
You slash the dart slug!
You kill the dart slug!
You feel very sick.
The kobold hits you with a +1 whip of venom.
You are more poisoned.
The goblin shoots a sling bullet.
The sling bullet hits you. You block the kobold's attack.
You barely miss the kobold.
You feel very sick.
The goblin shoots a sling bullet.
The sling bullet hits you.
The kobold hits you with a +1 whip of venom.
* * * LOW HITPOINT WARNING * * *
You are more poisoned.
The goblin shoots a sling bullet.
The sling bullet barely misses you.
You are too injured to fight recklessly!
Unknown command.
You are too injured to fight recklessly!
Unknown command.
* * * LOW HITPOINT WARNING * * *
You feel very sick.
The goblin shoots a sling bullet.
The sling bullet hits you but does no damage.
The ball python misses you. The ball python grabs you.
The ball python constricts you.
You escape the ball python's grasp.
You die...

.#
#..##...............##
##
#######.^........####
.# #......##..### ...#
#.......#....# ....#
#..##...###..# #....
#...#.>......## # ##..
#........#....#$# .
..................
......†@.........#
...................
#.....)SK$.........
>...#..............
#................##
.......:.........#
g................
.....#..........##
.....##..........


You could see a goblin, a ball python and a kobold.

Vanquished Creatures
  An adder (D:2)
  2 dart slugs (D:2)
  2 endoplasms
  2 giant cockroaches (D:1)
  3 hobgoblins (D:2)
  4 jackals (D:1)
  2 ball pythons (D:1)
  3 bats
  2 frilled lizards (D:1)
  4 goblins
  2 kobolds (D:1)
  5 rats (D:1)
32 creatures vanquished.

Notes
Turn   | Place    | Note
-------+----------+-------------------------------------------
     0 | D:1      | Maratek the Demigod Fighter began the quest for the Orb.
     0 | D:1      | Reached XP level 1. HP: 18/18 MP: 3/3
   122 | D:1      | Reached XP level 2. HP: 25/25 MP: 4/4
   166 | D:1      | You fall into a shaft and drop 1 floor!
   857 | D:2      | Reached XP level 3. HP: 23/31 MP: 5/5
   894 | D:2      | Succumbed to a kobold's poison

Illustrated notes

Levels and vault maps discovered:
D:1:      psy_arrival_statuary, layout_basic
D:2:      layout_rooms, serial_curves, eino_curves_01, eino_curves_01,
          eino_curves_02, eino_curves_03, basic_altar,
          kennysheep_decorative_pillar

Skill      XL: |  1  2  3 |
---------------+----------+-----
Long Blades    | 2 |  2.6
Fighting       | 3 |  3.0
Shields        | 3 |  3.0
Armour         | 3 |  3.0
Dodging        | |  0.2

Action                     || total
---------------------------++-------
  Melee: Long sword        ||   105
 Armour: Scale mail        ||   102
  Dodge: Dodged            ||    69
  Block: Buckler           ||    38

Table legend: (Time is in decaauts)
 A = Elapsed time spent in this place.
 B = Non-inter-level travel time spent in this place.
 C = Inter-level travel time spent in this place.
 D = Time resting spent in this place.
 E = Time spent auto-exploring this place.
 F = Levels seen in this place.
 G = Mean time per level.
                   A        B        C        D        E       F      G
               +--------+--------+--------+--------+--------+-----+--------+
         Total |    929 |    878 |     51 |      0 |    652 |   2 |  464.5 |
       Dungeon |    929 |    878 |     51 |      0 |    652 |   2 |  464.5 |
               +--------+--------+--------+--------+--------+-----+--------+

Top non-repeatable levels by time:
     D:1: 813 daAuts
     D:2: 115 daAuts
